 Dungeon Crawl Stone Soup version 0.28.0-53-g5a82cb258f (webtiles) character file.

Game seed: 3255289503275102762

40747 Peloso the Fencer (level 13, -14/111 (124) HPs)
             Began as a Minotaur Fighter on July 3, 2022.
             Was the Champion of Okawaru.
             Demolished by an orc warlord
             ... wielding a +2 war axe of draining
              (35 damage)
             ... on level 9 of the Dungeon.
             The game lasted 00:37:49 (19225 turns).

Peloso the Fencer (Minotaur Fighter)               Turns: 19225, Time: 00:37:49

HP:   -14/111 (124) AC: 42    Str: 24    XL:     13   Next: 76%
MP:   13/14         EV: 14    Int:  7    God:    Okawaru [******]
Gold: 578           SH:  8    Dex: 14    Spells: 12/12 levels left

rFire   . . .      SeeInvis .   b - +4 scimitar (flame)
rCold   . . .      Faith    .   c - +0 buckler
rNeg    . . .      Spirit   .   N - +18 Lear's hauberk
rPois   .          Reflect  .   (helmet currently unavailable)
rElec   .          Harm     .   n - +0 cloak
rCorr   .          Rampage  .   (gloves currently unavailable)
Will    .....                   (boots currently unavailable)
Stlth   +.........              (no amulet)
HPRegen 0.28/turn               q - +4 ring of protection
MPRegen 0.14/turn               E - +4 ring of protection

@: heroic, studying Hexes, heavily drained
A: horns 2, retaliatory headbutt, agile 1, clever 1
a: Renounce Religion, Heroism, Finesse, Duel


You were on level 9 of the Dungeon.
You worshipped Okawaru.
Okawaru was exalted by your worship.
You visited 4 branches of the dungeon, and saw 18 of its levels.

You collected 1463 gold pieces.
You spent 885 gold pieces at shops.

Inventory:

Hand Weapons
 a - a +2 vampiric long sword
 b - a +4 scimitar of flaming (weapon)
Missiles
 m - 3 throwing nets (quivered)
Armour
 c - a +0 buckler (worn)
 n - a +0 cloak (worn)
 N - the +18 Lear's hauberk (worn)
   (Okawaru gifted it to you on level 2 of the Lair of Beasts)
Jewellery
 j - an amulet of the acrobat
 k - a ring of see invisible
 q - a +4 ring of protection (left hand)
 y - a +6 ring of strength
 B - a ring of ice
 D - a ring of magical power
 E - a +4 ring of protection (right hand)
 I - a +6 ring of intelligence
 K - a ring of fire
Wands
 g - a wand of digging (6)
 p - a wand of flame (41)
 r - a wand of iceblast (12)
 H - a wand of paralysis (1)
 O - a wand of acid (10)
Scrolls
 f - 3 scrolls of fear
 h - a scroll of holy word
 o - 2 scrolls of teleportation
 s - 2 scrolls of noise
 t - 2 scrolls of enchant armour
 u - a scroll of amnesia
 v - a scroll of brand weapon
 w - 6 scrolls of enchant weapon
 C - 4 scrolls of blinking
 G - a scroll of summoning
 P - a scroll of acquirement
Potions
 d - 2 potions of might
 e - 3 potions of curing
 i - a potion of cancellation
 l - 4 potions of flight
 x - 2 potions of mutation
 A - a potion of haste
 F - a potion of berserk rage
 J - a potion of ambrosia {unknown}
 L - a potion of resistance {unknown}
 Q - a potion of magic {unknown}
Miscellaneous
 M - a tin of tremorstones (2/2)


   Skills:
 + Level 14.3(19.3) Fighting
 + Level 16.5(21.5) Long Blades
 + Level 13.9(18.9) Armour
 + Level 6.6(11.6) Dodging
 + Level 2.3(7.3) Stealth
 + Level 11.0(16.0) Shields
 + Level 2.6 Invocations
 + Level 1.5 Evocations


You had 12 spell levels left.
You didn't know any spells.
Your spell library contained the following spells:

 Spells                   Type           Power      Damage    Failure   Level
 Foxfire                  Conj/Fire      0%         2x1d4     88%         1
 Magic Dart               Conj           0%         1d3       88%         1
 Sandblast                Erth           0%         2d4       88%         1
 Shock                    Conj/Air       0%         1d3       88%         1
 Sting                    Tmut/Pois      0%         1d3       88%         1
 Corpse Rot               Necr/Air       0%         N/A       95%         2
 Passwall                 Tmut/Erth      0%         N/A       95%         2
 Poisonous Vapours        Pois/Air       0%         N/A       95%         2
 Searing Ray              Conj           0%         2d4       95%         2
 Conjure Flame            Conj/Fire      0%         6-21      99%         3
 Inner Flame              Hex/Fire       0%         N/A       99%         3
 Stone Arrow              Conj/Erth      0%         3d7       99%         3
 Swiftness                Air            0%         N/A       99%         3
 Airstrike                Air            0%         N/A       100%        4
 Dispel Undead            Necr           0%         3d6       100%        4
 Flame Wave               Conj/Fire      0%         2d4       100%        4
 Fulminant Prism          Conj/Hex       0%         3d6       100%        4
 Olgreb's Toxic Radiance  Pois           0%         N/A       100%        4
 Freezing Cloud           Conj/Ice/Air   0%         6-21      100%        5
 Lehudib's Crystal Spear  Conj/Erth      0%         10d2      100%        8
 Polar Vortex             Ice            0%         N/A       100%        9
 Animate Armour           Summ/Erth      Unusable   N/A       N/A         4
 Death Channel            Necr           Unusable   N/A       N/A         6
 Simulacrum               Ice/Necr       Unusable   N/A       N/A         6

Dungeon Overview and Level Annotations

Branches:
Dungeon (11/15)            Temple (1/1) D:5            Lair (4/6) D:10
 Shoals (0/4) Lair:2        Snake (0/4) Lair:2          Orc (2/2) D:9
    Elf: Orc:2

Altars:
Ashenzari
Cheibriados
Dithmenos
Elyvilon
Fedhas
Gozag
Hepliaklqana
Kikubaaqudgha
Makhleb
Nemelex Xobeh
Okawaru
Qazlal
Ru
Sif Muna
Trog
Uskayaw
Vehumet
Wu Jian
Xom
Yredelemnul
Zin
The Shining One

Shops:
D:8 ?   Orc:1 (


Innate Abilities, Weirdness & Mutations

You have a pair of horns on your head.
You reflexively headbutt those who attack you in melee.
You are agile. (Dex +2)
Your mind is acute. (Int +2)


Message History

The orc warlord is moderately wounded.
The orc warlord closely misses you.
You slash the orc warlord! You burn the orc warlord.
You headbutt the orc warlord, but do no damage.
The orc warlord is heavily wounded.
The orc warlord barely misses you. You furiously retaliate!
You headbutt the orc warlord, but do no damage.
You slash the orc warlord! You burn the orc warlord.
The orc warlord is heavily wounded.
You block the orc warlord's attack.
You hit the orc warlord but do no damage.
The orc warlord is heavily wounded.
You slash the orc warlord! You burn the orc warlord.
The orc warlord is severely wounded.
The orc warlord closely misses you. You furiously retaliate!
You headbutt the orc warlord!
You hit the orc warlord but do no damage.
The orc warlord is severely wounded.
The orc warlord hits you but does no damage.
You feel drained.
You hit the orc warlord. You burn the orc warlord.
You headbutt the orc warlord, but do no damage.
The orc warlord is severely wounded.
The orc warlord misses you. You furiously retaliate!
You headbutt the orc warlord. You slash the orc warlord!
You burn the orc warlord. You headbutt the orc warlord.
The orc warlord is almost dead.
You barely miss the orc warlord.
You headbutt the orc warlord, but do no damage.
The orc warlord is almost dead.
The orc warlord hits you with a +2 war axe of draining!!!
* * * LOW HITPOINT WARNING * * *
You feel drained.
* * * LOW HITPOINT WARNING * * *
You slash the orc warlord! You burn the orc warlord.
Your headbutt misses the orc warlord.
The orc warlord is almost dead.
The orc warlord hits you with a +2 war axe of draining!!
You die...

................#.##..######
................#......<)).######
..........##..#.#.###.##.)(......
..........#........##.##.........
....##....####.....#####.........
....#.....#.....8.....###########
##..#.#####...........###
##..#.#.................#######
#.....#.#..8..(.@o...8........#
#.#..#..##....................# #
#.#.##.####...........###.....###
##..#..# #.....8.)...#.########.
##..#.## #####...)[####.# ##.
#..#..# #.# ###.##.....#### #..
#..#.## ##.## #...........# #.#
#....# #...# ########....# ##.#
...######...# #....###..#


You could see an orc warlord (strong).

Vanquished Creatures
  Rupert (Lair:3)
  Gastronok (D:9)
  An ettin (D:11)
  2 hydras
  3 boulder beetles
  A death knight (D:11)
  9 death yaks
  7 two-headed ogres
  3 cyclopes (D:11)
  3 manticores
  A black mamba (Lair:3)
  4 cane toads
  2 rime drakes
  An unseen horror (D:11)
  An efreet (D:10)
  4 komodo dragons
  A troll (D:9)
  A wind drake (Lair:2)
  A dream sheep (Lair:3)
  A shadow (D:11)
  5 blink frogs (Lair:3)
  51 yaks
  A wraith (D:9)
  3 basilisks
  3 wyverns
  2 steam dragons (D:8)
  2 nagas (Lair:2)
  7 water moccasins
  A sky beast (D:5)
  The ghost of Tyszek the Covert, an amateur SpEn (D:4)
  9 orc warriors
  An ice beast (D:8)
  2 hornet zombies
  A black bear (D:4)
  A necrophage (D:5)
  28 wolves (Lair:2)
  2 centaurs
  6 ogres
  4 kobold brigands
  Blork the orc (D:4)
  3 scorpions
  A gnoll sergeant (D:11)
  11 bullfrogs
  A water moccasin zombie (D:5)
  2 water moccasin skeletons
  4 killer bees (D:8)
  4 howler monkeys
  7 electric eels
  4 centaur zombies
  2 bullfrog zombies (D:6)
  10 hounds
  7 orc priests
  2 bullfrog skeletons (D:4)
  A gnoll shaman (D:4)
  Jessica (D:2)
  An iguana (D:5)
  9 orc wizards
  3 howler monkey zombies
  Robin (D:3)
  A howler monkey skeleton (D:4)
  6 adders
  16 gnolls
  A shadow imp (D:5)
  A white imp (D:7)
  2 worms
  9 dart slugs
  35 orcs
  4 bats
  9 endoplasms
  7 giant cockroaches
  10 goblins
  11 hobgoblins
  5 quokkas
  8 ball pythons
  30 kobolds
  6 rats
414 creatures vanquished.

Vanquished Creatures (others)
  A shadow (D:11)
  19 fungi
  24 plants
44 creatures vanquished.

Grand Total: 458 creatures vanquished

Notes
Turn   | Place    | Note
-------+----------+-------------------------------------------
     0 | D:1      | Peloso the Minotaur Fighter began the quest for the Orb.
     0 | D:1      | Reached XP level 1. HP: 19/19 MP: 0/0
   250 | D:1      | Reached XP level 2. HP: 24/27 MP: 1/1
   315 | D:1      | Reached skill level 3 in Long Blades
   662 | D:1      | Reached XP level 3. HP: 33/33 MP: 2/2
  1164 | D:2      | Reached XP level 4. HP: 22/41 MP: 3/3
  1165 | D:2      | Noticed Jessica
  1382 | D:2      | Killed Jessica
  1714 | D:2      | Reached skill level 5 in Fighting
  1714 | D:2      | Reached skill level 4 in Long Blades
  1931 | D:2      | Reached skill level 1 in Dodging
  1933 | D:2      | Reached XP level 5. HP: 34/48 MP: 4/4
  2137 | D:3      | Found a faded altar of an unknown god.
  2183 | D:3      | Identified the +0 helmet of Wu Jian's Wrath {Fly}
  2183 | D:3      | Noticed Robin
  2194 | D:3      | Killed Robin
  2708 | D:4      | Noticed Blork the orc
  2719 | D:4      | Killed Blork the orc
  2978 | D:4      | Reached skill level 5 in Long Blades
  2978 | D:4      | Reached XP level 6. HP: 48/56 MP: 5/5
  3147 | D:4      | Found a transporter.
  3183 | D:4      | Reached skill level 5 in Armour
  3369 | D:4      | Found a transporter.
  3476 | D:4      | Reached skill level 6 in Long Blades
  3651 | D:4      | Reached XP level 7. HP: 55/62 MP: 6/6
  4326 | D:4      | Noticed Tyszek's ghost (amateur SpEn)
  4715 | D:5      | Entered Level 5 of the Dungeon
  4724 | D:4      | Reached skill level 7 in Long Blades
  4803 | D:5      | Found a staircase to the Ecumenical Temple.
  4816 | Temple   | Entered the Ecumenical Temple
  4902 | Temple   | Became a worshipper of Warmaster Okawaru
  5108 | D:5      | Reached XP level 8. HP: 70/70 MP: 7/7
  5113 | D:5      | Reached skill level 8 in Long Blades
  5608 | D:6      | Reached * piety under Okawaru
  5667 | D:6      | Noticed a two-headed ogre
  5742 | D:6      | Reached skill level 9 in Long Blades
  6116 | D:6      | Reached skill level 5 in Shields
  6117 | D:6      | Reached ** piety under Okawaru
  6209 | D:6      | Reached XP level 9. HP: 78/78 MP: 8/8
  6334 | D:7      | Reached skill level 10 in Long Blades
  7115 | D:7      | Identified the +0 chain mail of Proximity {+Blink rC+ Str-4
                  | Stlth+}
  7459 | D:8      | Reached skill level 1 in Evocations
  7632 | D:8      | Found Wifav's Magic Scroll Shop.
  7760 | D:8      | Reached skill level 1 in Stealth
  7825 | D:8      | Reached *** piety under Okawaru
  7928 | D:8      | Found a glowing silver altar of Zin.
  7934 | D:8      | Found a stormy altar of Qazlal.
  7934 | D:8      | Found a broken altar of Ashenzari.
  7935 | D:8      | Found a hazy altar of Hepliaklqana.
  7937 | D:8      | Found a glowing golden altar of the Shining One.
  7939 | D:8      | Found a sparkling altar of Nemelex Xobeh.
  8406 | D:9      | Noticed a two-headed ogre
  8416 | D:9      | Killed a two-headed ogre
  8416 | D:9      | Reached **** piety under Okawaru
  8417 | D:9      | Reached skill level 11 in Long Blades
  8417 | D:9      | Reached XP level 10. HP: 66/88 MP: 6/9
  8696 | D:9      | Reached skill level 12 in Long Blades
  8709 | D:9      | Noticed Gastronok
  8745 | D:9      | Killed Gastronok
  8745 | D:9      | Reached ***** piety under Okawaru
  9021 | D:9      | Found a staircase to the Orcish Mines.
  9472 | D:4      | Paralysed by a gnoll for 5 turns
  9481 | D:4      | Reached skill level 13 in Long Blades
  9486 | D:4      | Paralysed by a gnoll for 6 turns
  9863 | D:10     | Entered Level 10 of the Dungeon
 10043 | D:10     | Found a staircase to the Lair.
 10769 | D:10     | Reached XP level 11. HP: 83/97 MP: 10/10
 11596 | Lair:1   | Entered Level 1 of the Lair of Beasts
 11622 | Lair:1   | Received a gift from Okawaru
 11637 | Lair:1   | Reached skill level 10 in Armour
 11643 | Lair:1   | Reached skill level 1 in Invocations
 11669 | Lair:1   | Reached skill level 14 in Long Blades
 12413 | Lair:1   | Noticed an eight-headed hydra
 12422 | Lair:1   | Killed a three-headed hydra
 12724 | Lair:2   | Found a staircase to the Snake Pit.
 12971 | Lair:2   | Received a gift from Okawaru
 12971 | Lair:2   | Found the +18 Lear's hauberk
 13217 | Lair:2   | Reached skill level 10 in Fighting
 13328 | Lair:2   | Found a staircase to the Shoals.
 13581 | Lair:2   | Reached XP level 12. HP: 99/108 MP: 12/12
 13633 | Lair:2   | Reached ****** piety under Okawaru
 13637 | Lair:2   | Reached skill level 5 in Dodging
 14487 | Lair:3   | Noticed a death yak
 14489 | Lair:3   | Noticed a death yak
 14489 | Lair:3   | Noticed a death yak
 14512 | Lair:3   | Killed a death yak
 14513 | Lair:3   | Reached skill level 15 in Long Blades
 14518 | Lair:3   | Killed a death yak
 14523 | Lair:3   | Killed a death yak
 14536 | Lair:3   | Noticed an eight-headed hydra
 14540 | Lair:3   | Killed a six-headed hydra
 14654 | Lair:3   | Identified the +3 long sword of Frustration {vorpal, rElec
                  | Str-5 Int+4}
 14780 | Lair:3   | Noticed Rupert
 14781 | Lair:3   | Noticed a boulder beetle
 14811 | Lair:3   | Killed Rupert
 14811 | Lair:3   | Received a gift from Okawaru
 14832 | Lair:3   | Killed a boulder beetle
 14833 | Lair:3   | Reached skill level 10 in Shields
 15693 | Lair:4   | Noticed a death yak
 15693 | Lair:4   | Noticed a death yak
 15694 | Lair:4   | Noticed a death yak
 15709 | Lair:4   | Noticed a death yak
 15709 | Lair:4   | Noticed a death yak
 15720 | Lair:4   | Killed a death yak
 15725 | Lair:4   | Noticed a death yak
 15728 | Lair:4   | Killed a death yak
 15729 | Lair:4   | Reached XP level 13. HP: 102/119 MP: 11/13
 15733 | Lair:4   | Received a gift from Okawaru
 16260 | Lair:4   | Reached skill level 16 in Long Blades
 16910 | D:4      | Killed Tyszek's ghost
 16919 | D:4      | Paralysed by a gnoll for 3 turns
 17603 | D:11     | HP: 2/122 [mirror damage (14)]
 17621 | D:11     | Noticed an ettin
 17796 | D:11     | Identified the +7 longbow of the Endless Bones {vorpal,
                  | rElec Will- Dex+7 Stlth+} (Okawaru gifted it to you on
                  | level 11 of the Dungeon)
 17796 | D:11     | Received a gift from Okawaru
 18258 | D:11     | Killed an ettin
 18684 | Orc:1    | Entered Level 1 of the Orcish Mines
 18684 | Orc:1    | Found Nemm's Weapon Shop.
 19061 | D:8      | Bought a scroll of acquirement for 780 gold pieces
 19061 | D:8      | Bought a scroll of teleportation for 45 gold pieces
 19061 | D:8      | Bought a scroll of identify for 30 gold pieces
 19061 | D:8      | Bought a scroll of identify for 30 gold pieces
 19127 | Orc:2    | Entered Level 2 of the Orcish Mines
 19129 | Orc:2    | Noticed an orc warlord
 19134 | Orc:2    | Gained mutation: You are frail. (-10% HP) [a neqoxec]
 19139 | Orc:1    | Lost mutation: You are frail. (-10% HP) [potion of
                  | mutation]
 19139 | Orc:1    | Gained mutation: Your mind is acute. (Int +2) [potion of
                  | mutation]
 19139 | Orc:1    | Gained mutation: You are agile. (Dex +2) [potion of
                  | mutation]
 19225 | D:9      | Demolished by an orc warlord

Illustrated notes

Levels and vault maps discovered:
D:1:      dpeg_cavernosity, layout_basic
D:2:      layout_rooms, uniq_jessica
D:3:      layout_loops_ring, nicolae_ecumenical_oubliette, uniq_robin
D:4:      minmay_polygon_palace, layout_basic, gammafunk_ghost_gnarly_gnolls,
          uniq_blork_the_orc
D:5:      layout_rooms, minmay_temple_entry_stoned_glass
D:6:      layout_loops_ring
D:7:      kennysheep_slugbush, layout_loops_corners
D:8:      layout_gridville, minitemple, serial_shops, nicolae_shop_waterfront,
          st_stairs_13, hex_large
D:9:      layout_rooms, david_orc_2, uniq_gastronok
D:10:     layout_irregular_city, erik_lair_island
D:11:     nzn_winding_woodlands_cross
          [nzn_winding_woodlands_5x15_river_crossing,
          nzn_winding_woodlands_5x15_crooked, nzn_winding_woodlands_5x15_pool,
          nzn_winding_woodlands_5x15_zeroes,
          nzn_winding_woodlands_15x15_eel_pit], layout_gridville,
          gauntlet_entry_generic
Temple:   nicolae_temple_elliptical
Lair:1:   layout_regular_city, serial_bayou_shore_a, lemuel_fruit_tree
Lair:2:   layout_layer_cave, minmay_shoals_entry_beasts,
          guppyfry_snake_entry_garden, grunt_forest_large_clearings
Lair:3:   layout_roguey, st_stairs_5, uniq_rupert
Lair:4:   layout_roguey
Orc:1:    layout_diamond_mine, serial_shops, nicolae_shop_bloodbath_and_beyond,
          basic_altar
Orc:2:    grunt_orc_gardens, layout_caves, grunt_orc_garden, grunt_orc_garden,
          grunt_orc_garden, grunt_orc_garden, nicolae_shop_self_help

Skill      XL: |  1  2  3  4  5  6  7  8  9 10 11 12 13 |
---------------+----------------------------------------+-----
Long Blades    | 3 4 5 6 7 9 11 13 14 15 16 | 16.5
Fighting       | 4 5 6 7 9 10 12 14 | 14.3
Armour         | 4 5 6 7 8 9 11 13 | 13.9
Shields        | 4 5 6 7 8 10 11 | 11.0
Dodging        | 1 2 4 5 6 |  6.6
Evocations     | 1 |  1.5
Stealth        | 1 2 |  2.3
Invocations    | 1 2 |  2.6

Action                   |  1- 3 |  4- 6 |  7- 9 | 10-12 | 13-15 || total
-------------------------+-------+-------+-------+-------+-------++-------
Melee: Long sword        |    69 |   135 |   295 |   234 |       ||   733
       Headbutt          |    14 |    20 |    57 |   118 |    61 ||   270
       Scimitar          |       |       |       |   398 |   244 ||   642
Invok: Heroism           |       |       |     1 |     9 |    11 ||    21
Evoke: Wand              |       |       |     9 |    10 |       ||    19
  Use: Potion            |     3 |       |       |     1 |     3 ||     7
       Scroll            |     1 |       |     8 |     1 |    12 ||    22
Armor: Scale mail        |    41 |    47 |   183 |       |       ||   271
       Plate armour      |       |       |       |   197 |       ||   197
       Chain mail        |       |       |       |   169 |   161 ||   330
Dodge: Dodged            |    32 |    61 |   159 |   211 |   115 ||   578
Block: Buckler           |    12 |    26 |    73 |   175 |    81 ||   367
